Map: Cyber Forest LE

Players

pHARM - Winner!

  • Race: Zerg Zerg
  • League: Platinum
  • Spawn Location: 11:00

RTL

  • Race: Terran Terran
  • League: Diamond
  • Spawn Location: 5:00

VOD

Have the link to the VOD?

Description

Time

  • Played on: Aug. 3, 2019, 3:13 a.m.
  • Length: 11:35
Show
View Real Time Build Order
Export as new Build Order

pHARM Zerg - Winner!

Build Orders: Hatch First 

Get SALT Encoding   

  12  0:01  Drone  
  13  0:12  Overlord  
  13  0:23  Drone  
  14  0:31  Drone x2  
  14  0:34  Drone  
  17  0:56  Hatchery  
  16  1:07  Drone x3  
  19  1:24  Spawning Pool  
  18  1:26  Drone  
  19  1:37  Drone  
  20  1:50  Drone x2, Extractor  
  21  2:02  Drone  
  22  2:12  Queen x2  
  26  2:18  Overlord  
  26  2:30  Drone x3, Spine Crawler  
  28  2:41  Overlord  
  28  2:51  Evolution Chamber  
  27  2:52  Drone  
  27  2:53  Drone x3  
  31  3:07  Roach Warren  
  31  3:09  Drone x3  
  33  3:38  Evolution Chamber  
  33  3:40  Drone x8  
  40  3:51  Lair  
  40  3:55  Queen  
  42  3:58  Extractor  
  42  4:00  Extractor  
  42  4:01  Overlord  
  40  4:03  Drone x4  
  44  4:10  Zerg Missile Weapons Level 1  
  44  4:19  Overlord  
  44  4:31  Drone x4  
  48  4:53  Roach x6  
  60  5:05  Overlord  
  60  5:06  Overlord x2  
  60  5:07  Glial Reconstitution  
  60  5:18  Overlord  
  60  5:31  Hatchery  
  60  5:32  Roach x7  
  73  5:45  Roach  
  73  5:46  Roach x4  
  81  6:02  Roach x4  
  81  6:03  Roach  
  73  6:17  Roach x8  
  79  6:18  Queen  
  79  6:34  Roach x2  
  83  6:45  Drone  
  83  6:46  Drone x2, Queen  
  78  7:02  Drone x5  
  78  7:07  Zerg Missile Weapons Level 2  
  78  7:08  Zerg Ground Armor Level 1  
  83  7:15  Drone  
  84  7:17  Hydralisk Den  
  83  7:29  Drone x7  
  90  7:41  Overlord x3  
  90  8:03  Extractor  
  90  8:04  Grooved Spines  
  89  8:13  Extractor  
  89  8:14  Extractor  
  87  8:22  Drone x4  
  87  8:23  Drone x3  
  87  8:26  Hatchery  
  93  9:00  Drone x3  
  96  9:04  Drone  
  96  9:05  Drone x3  
  100  9:10  Roach x7  
  100  9:12  Overlord x4  
  100  9:15  Muscular Augments  
  114  9:24  Infestation Pit  
  112  9:31  Roach x5  
  112  9:32  Roach x9  
  138  9:45  Hydralisk x4  
  138  9:50  Overlord  
  138  9:51  Overlord x3  
  146  9:54  Hatchery  
  145  10:10  Hive  
  145  10:11  Hydralisk x6  
  145  10:12  Hydralisk x3  
  153  10:31  Drone x4  
  153  10:32  Drone x6  
  163  10:38  Hatchery  
  156  10:53  Hydralisk  
  156  10:54  Hydralisk x5  
  164  11:19  Overseer  
  164  11:32  Extractor  
  163  11:35  Extractor  
Show
View Real Time Build Order
Export as new Build Order

RTL Terran 

Build Orders:  

Get SALT Encoding   

  12  0:06  SCV  
  13  0:18  SCV  
  14  0:25  Supply Depot  
  14  0:30  SCV  
  15  0:46  SCV  
  15  0:48  Barracks  
  16  0:58  SCV  
  17  1:05  Supply Depot  
  17  1:11  SCV  
  18  1:23  SCV  
  19  1:40  Barracks  
  19  1:42  Orbital Command  
  19  1:44  Barracks  
  19  1:45  Refinery  
  19  1:48  Refinery  
  19  1:49  Marine  
  20  2:03  Barracks  
  20  2:06  Marine  
  21  2:20  Barracks  
  21  2:26  Barracks Reactor  
  21  2:34  SCV  
  21  2:36  Marine  
  23  2:37  Marine  
  24  2:49  Marine  
  25  2:54  Marine  
  25  2:55  Marine  
  27  3:01  SCV  
  28  3:06  Marine  
  28  3:07  Marine  
  28  3:09  Marine  
  31  3:48  Marine x6  
  31  3:49  SCV, Supply Depot  
  31  3:53  Supply Depot  
  38  3:59  Supply Depot  
  38  4:01  SCV  
  39  4:10  Marine x5  
  39  4:11  Marine  
  45  4:28  Marine x5  
  50  4:46  Marine x2  
  50  4:47  Marine x4  
  56  5:09  Marine  
  56  5:10  Marine x2  
  56  5:11  Marine x3  
  62  5:28  Marine  
  63  5:54  Marine  
  63  5:55  Marine, Command Center  
  63  5:56  Marine  
  63  5:57  Marine  
  63  6:00  Marine  
  63  6:01  Marine  
  53  6:11  Marine  
  53  6:13  Marine  
  53  6:14  Marine x2  
  52  6:18  Marine  
  52  6:19  Marine  
  47  6:29  Marine  
  47  6:31  Marine  
  47  6:32  SCV, Marine x2  
  47  6:44  SCV  
  47  6:46  Marine  
  48  6:47  Marine x2  
  46  6:56  SCV  
  46  7:04  Barracks Tech Lab  
  46  7:08  SCV  
  46  7:11  Barracks Reactor  
  46  7:12  Barracks Reactor  
  47  7:20  Orbital Command  
  47  7:21  SCV  
  48  7:32  Marine x2  
  48  7:33  SCV, Marine x2  
  53  7:46  SCV  
  53  7:50  Marine x3  
  53  7:51  Marine  
  58  7:53  Refinery  
  58  7:54  Refinery  
  58  7:58  SCV, Marine x4  
  63  8:07  Marine  
  63  8:08  Marine x3  
  63  8:12  Factory  
  67  8:18  Engineering Bay  
  67  8:30  Barracks Reactor  
  67  8:31  Barracks Reactor, Command Center  
  67  8:33  Marine x2  
  67  8:34  Marine x4  
  73  8:51  Marine x2  
  75  9:20  Marine  
  75  9:21  Marine x2  
  78  9:42  Marine x6  
  84  9:52  Marine  
  84  9:53  Marine x2  
  87  10:05  Marine  
  87  10:06  Marine x4  
  87  10:07  Marine  
  57  10:32  Marine x4  
  57  10:33  Marine x2  
  57  10:34  Marine  
  57  10:35  Marine  
  65  10:36  Marine x2  
  54  10:45  Factory Tech Lab  
  31  11:02  Marine  
  31  11:03  Marine x4  
  37  11:05  Marine x3  
Tags
 
Matchup
TvZ
Replay Pack
10.7.19
Spawn Locations
Cross Positions
Add a new tag
Caveats
  • Supply blocks, unpowered buildings, or Contaminate may cause inaccurate times.
  • Supply counts are checked every 10 seconds.